[Event "*** Titled Tuesday Blitz"]
[Site "Chess.com"]
[Date "2020.05.26"]
[Round "6"]
[White "ftorodent"]
[Black "TudorAnton"]
[Result "1-0"]
[WhiteElo "2666"]
[BlackElo "2462"]
[TimeControl "180+1"]
[EndTime "11:07:23 PDT"]
[Termination "ftorodent won by resignation"]

1. d4 Nf6 2. c4 e6 3. Nf3 Bb4+ 4. Bd2 c5 5. Bxb4 cxb4 6. e3 O-O 7. Be2 d6 8. O-O Nc6 9. a3 a5 10. axb4 Nxb4 11. Nc3 b6 12. Na2 Nxa2 13. Rxa2 Bb7 14. Qb1 Be4 15. Qe1 Qc7 16. b4 axb4 17. Rxa8 Rxa8 18.
Qxb4 h6 19. Nd2 Bc6 20. Rb1 Rb8 21. h3 Nd7 22. Ra1 g6 23. Ra3 e5 24. Bf3 Bxf3 25.
Nxf3 Rc8 26. Nd2 d5 27. cxd5 exd4 28. exd4 Nf6 29. d6 Qc1+ 30. Kh2 Nd5 31. Qb3 Nf4 32. Qe3 Nd5 33. Qb3 Nf4 34. d7 Rd8 35.
Qe3 Ne2 36. Nf3 Rxd7 37. Ra8+ Kh7 38. Qxe2 Qc7+ 39. g3 Re7 40. Ne5 f6 41. Qa2 Rg7 42. Ng4 Qc6 43. Qd2 1-0

[Event "*** Titled Tuesday Blitz"]
[Site "Chess.com"]
[Date "2020.05.26"]
[Round "6"]
[White "WhiteCapital80"]
[Black "vaishali2001"]
[Result "0-1"]
[WhiteElo "2405"]
[BlackElo "2608"]
[TimeControl "180+1"]
[EndTime "11:07:23 PDT"]
[Termination "vaishali2001 won by resignation"]

1. e4 c5 2. Nf3 e6 3. d4 cxd4 4. Nxd4 a6 5. Nc3 Qc7 6. Be2 Nf6 7. O-O Bc5 8. Nb3 Ba7 9. a4 d6 10. Kh1 h5 11. f4 Nc6 12. Bf3 Bd7 13. Qe2 Nd4 14.
Nxd4 Bxd4 15. Be3 Bxc3 16. bxc3 e5 17. f5 Qxc3 18. Rad1 O-O-O 19. Bb6 Bxa4 20. Bxd8 Rxd8 21. Rd2 Bb5 22. Rd3 Bxd3 23. cxd3 h4 24. h3 Kb8 25. Rd1 Qd4 26. Qe1 Rc8 27. Qxh4 Nd5 28. Qg5 Nf4 29. Qxg7 Nxd3 30. Kh2 Qe3 31. Qxf7 Rc2 32. Rf1 Qf4+ 33.
Kh1 Nf2+ 34. Rxf2 Rc1+ 0-1

[Event "*** Titled Tuesday Blitz"]
[Site "Chess.com"]
[Date "2020.05.26"]
[Round "6"]
[White "MightyGMpretender"]
[Black "Julianos82"]
[Result "1-0"]
[WhiteElo "2542"]
[BlackElo "2308"]
[TimeControl "180+1"]
[EndTime "11:07:23 PDT"]
[Termination "MightyGMpretender won by resignation"]

1. Nf3 d5 2. g3 c6 3. Bg2 Bg4 4. O-O Nd7 5. b3 e6 6. Bb2 f5 7. d3 Ngf6 8. Nbd2 Bc5 9. Qe1 O-O 10. e4 fxe4 11. dxe4 Qe7 12. h3 Bh5 13. Nd4 Rae8 14.
c4 Bxd4 15. Bxd4 e5 16. Bb2 d4 17. a3 Nc5 18. b4 Nd3 19. Qb1 Be2 20. Re1 Nxe1 21. Qxe1 Bh5 22. Nb3 b6 23. Nc1 Kh8 24. Nd3 Nd7 25. Kh2 Bf3 26. Bxf3 Rxf3 27. Qe2 Rf6 28.
Re1 Ref8 29. f4 exf4 30. gxf4 Rh6 31. Bxd4 Qh4 32. Qg2 Rg6 33. Qf3 c5 34. Bc3 Nf6 35.
f5 Ng4+ 36. Kh1 Rh6 37. Nf4 Nf2+ 38. Kg2 Nxh3 39. Nxh3 Rd8 40. Re3 cxb4 41. axb4 Rd1 42.
Qxd1 1-0

[Event "*** Titled Tuesday Blitz"]
[Site "Chess.com"]
[Date "2020.05.26"]
[Round "6"]
[White "Turquoise_2701"]
[Black "Irochka83"]
[Result "1-0"]
[WhiteElo "2182"]
[BlackElo "2384"]
[TimeControl "180+1"]
[EndTime "11:07:23 PDT"]
[Termination "Turquoise_2701 won by resignation"]

1. Nf3 c5 2. c4 Nc6 3. g3 g6 4.
Bg2 Bg7 5. O-O e6 6. Nc3 Nge7 7. d3 O-O 8. Bg5 h6 9. Be3 d6 10. Qc1 Nf5 11. Bd2 Kh7 12. e3 Nfe7 13. Ne2 b6 14. Bc3 e5 15. a3 Be6 16. b4 Rc8 17. Qb1 f5 18. h4 Bf6 19. Qb2 g5 20. hxg5 hxg5 21.
Nh2 g4 22. f4 Kg7 23. b5 Nb8 24. fxe5 dxe5 25. Bxe5 Qxd3 26. Bxf6+ Rxf6 27. Nxg4 Nd7 28. Nf4 Qxc4 29. Nxf6 Nxf6 30. Nh5+ Kg6 31. Qxf6+ Kxh5 32. Bf3+ 1-0

[Event "*** Titled Tuesday Blitz"]
[Site "Chess.com"]
[Date "2020.05.26"]
[Round "6"]
[White "chesstatour"]
[Black "HouseOfDurin"]
[Result "0-1"]
[WhiteElo "1903"]
[BlackElo "2039"]
[TimeControl "180+1"]
[EndTime "11:07:23 PDT"]
[Termination "HouseOfDurin won on time"]

1. c4 c5 2. Nc3 Nc6 3. Nf3 e5 4. d3 g6 5. g3 Bg7 6. Bg2 h6 7. O-O Nge7 8. Nd5 O-O 9. Rb1 d6 10. a3 a5 11. Qb3 Nxd5 12. cxd5 Ne7 13. e3 a4 14. Qa2 b5 15. b3 axb3 16. Qxb3 Ba6 17.
Rd1 f5 18. Bb2 Qd7 19. d4 c4 20. Qc2 e4 21. Nd2 Nxd5 22. a4 Rfc8 23. Bc3 bxa4 24.
Ra1 Nxc3 25. Qxc3 d5 26. Qc2 Bb5 27. Nb1 Bf8 28. Nc3 Bc6 29. Bf1 Rcb8 30. Ne2 Rb3 31.
Nc3 Rab8 32. Be2 Bb4 0-1

[Event "*** Titled Tuesday Blitz"]
[Site "Chess.com"]
[Date "2020.05.26"]
[Round "6"]
[White "TargetA"]
[Black "ElGasanov"]
[Result "1/2-1/2"]
[WhiteElo "2575"]
[BlackElo "2748"]
[TimeControl "180+1"]
[EndTime "11:07:24 PDT"]
[Termination "Game drawn by repetition"]

1. e4 c5 2. Nf3 Nc6 3. Nc3 g6 4. d4 cxd4 5. Nxd4 Bg7 6. Be3 Nf6 7. Bc4 O-O 8. Bb3 Re8 9. O-O d6 10. h3 Na5 11. Qd2 b6 12. Rfe1 Bb7 13. Bh6 Rc8 14. Bxg7 Kxg7 15. Rad1 Qc7 16. Nd5 Nxd5 17. Bxd5 Nc4 18. Qc3 Ne5 19. Qg3 a6 20. f4 Nd7 21.
Nf5+ Kf8 22. Qh4 gxf5 23. Qxh7 e6 24. Bxb7 Qxb7 25. exf5 Rxc2 26. Qh6+ Ke7 27. Qg5+ Kf8 28. Qh6+ Ke7 29. Qg5+ Kf8 30. Qh6+ 1/2-1/2

[Event "*** Titled Tuesday Blitz"]
[Site "Chess.com"]
[Date "2020.05.26"]
[Round "6"]
[White "dopolian"]
[Black "BJthechessgod"]
[Result "1-0"]
[WhiteElo "2329"]
[BlackElo "2115"]
[TimeControl "180+1"]
[EndTime "11:07:27 PDT"]
[Termination "dopolian won on time"]

1. Nf3 c5 2. c4 Nc6 3. Nc3 Nf6 4. g3 g6 5. Bg2 Bg7 6. O-O O-O 7. b3 d6 8. Bb2 Bd7 9. d4 cxd4 10. Nxd4 Nxd4 11. Qxd4 Bc6 12. Nd5 Ne8 13. Qd2 Bxb2 14. Qxb2 Ng7 15.
Rad1 Re8 16. c5 Bxd5 17. Bxd5 Qc7 18. cxd6 exd6 19. Bf3 Ne6 20. Rc1 Qb6 21. e3 Rac8 22. Rxc8 Rxc8 23. Rd1 Qc7 24. Qd2 Ng5 25. Bg2 Qc2 26.
Bxb7 Qxd2 27. Rxd2 Rc7 28. Bd5 Kf8 29. h4 Ne6 30.
Bxe6 fxe6 31. Rxd6 Ke7 32. Ra6 e5 33. e4 Kf7 34.
Kg2 Ke7 35. Kf3 Rc3+ 36. Kg4 Rc7 37. Kg5 Kf7 38. Kh6 Kg8 39. Re6 1-0

[Event "*** Titled Tuesday Blitz"]
[Site "Chess.com"]
[Date "2020.05.26"]
[Round "6"]
[White "vanyakuba"]
[Black "attack2mateU"]
[Result "0-1"]
[WhiteElo "2467"]
[BlackElo "2677"]
[TimeControl "180+1"]
[EndTime "11:07:28 PDT"]
[Termination "attack2mateU won on time"]

1. e4 c5 2. Nc3 d6 3. f4 Nc6 4.
Nf3 g6 5. Bc4 Bg7 6. d3 e6 7. f5 exf5 8. O-O Be6 9. Bxe6 fxe6 10. Ng5 Qd7 11. exf5 exf5 12. Re1+ Nge7 13. Ne6 Be5 14. Nb5 Rc8 15. d4 cxd4 16. Nbxd4 Nxd4 17. Nxd4 O-O 18. Bh6 Rfe8 19. c3 Nc6 20. Nf3 d5 21. Nxe5 Rxe5 22. Rxe5 Nxe5 23. Qd4 Ng4 24. Bf4 Rc4 25. Qd2 Nf6 26. Rd1 Qe6 27. Re1 Re4 28. Rxe4 Qxe4 29. h3 Kf7 30. Be3 a6 31. Bd4 Nh5 0-1

[Event "*** Titled Tuesday Blitz"]
[Site "Chess.com"]
[Date "2020.05.26"]
[Round "6"]
[White "Tall-guy"]
[Black "Anna_ChessMate"]
[Result "0-1"]
[WhiteElo "2139"]
[BlackElo "2531"]
[TimeControl "180+1"]
[EndTime "11:07:28 PDT"]
[Termination "Anna_ChessMate won on time"]

1. e4 e5 2. Nf3 Nc6 3. d4 exd4 4.
Bc4 Bc5 5. O-O Nge7 6. Ng5 Ne5 7. Nxf7 Nxf7 8. Bxf7+ Kxf7 9. Qh5+ g6 10. Qxc5 Nc6 11.
Bh6 d6 12. Qb5 Qh4 13. Bg5 Qxe4 14. Nd2 Qf5 15. Qb3+ Kg7 16. Bh4 b6 17. Rae1 Rf8 18. Nf3 Bb7 19. Ng5 Kh8 20. Ne6 Rf7 21. Ng5 Rd7 22.
Re4 Na5 23. Qd3 c5 24. g4 Bxe4 25. Nxe4 Qxg4+ 26. Bg3 Qf5 27. Kh1 d5 28. Nxc5 bxc5 0-1

[Event "*** Titled Tuesday Blitz"]
[Site "Chess.com"]
[Date "2020.05.26"]
[Round "6"]
[White "NormWeinstein"]
[Black "StephenDedalus83"]
[Result "1-0"]
[WhiteElo "2366"]
[BlackElo "2728"]
[TimeControl "180+1"]
[EndTime "11:07:29 PDT"]
[Termination "NormWeinstein won by resignation"]

1. e4 c5 2. Nf3 Nc6 3. Nc3 g6 4. d4 cxd4 5. Nxd4 Bg7 6. Be3 Nf6 7. Bc4 O-O 8. Bb3 d6 9. h3 Na5 10. f3 b6 11. Qd2 Bb7 12. O-O-O Rc8 13. h4 h5 14. Bh6 Nc4 15. Bxc4 Rxc4 16. Bxg7 Kxg7 17.
g4 hxg4 18. h5 Rh8 19. hxg6 Bc8 20. gxf7 Kxf7 21. fxg4 Bxg4 22. Rdg1 Rxh1 23. Rxh1 Qg8 24. Rf1 Ke8 25. b3 Rc5 26. Kb2 Qg5 27. Qd3 Qe5 28.
Kb1 Kd7 29. Nde2 Bxe2 30. Nxe2 Nxe4 31. c4 Nf6 32. Nc3 a6 33. Rd1 b5 34. Nd5 Nxd5 35. cxd5 Rc3 36. Qf1 Qe4+ 37. Ka1 Rc2 38. Qh3+ Kc7 39.
Qd3 Qe5+ 40. Qd4 Rc1+ 41. Rxc1+ Kb7 42. Qxe5 dxe5 43. Rc6 b4 44. Kb2 a5 45. Kc2 e4 46.
Kd2 e6 47. Rxe6 Kc7 48. Ke3 Kd7 49. Kxe4 1-0

[Event "*** Titled Tuesday Blitz"]
[Site "Chess.com"]
[Date "2020.05.26"]
[Round "6"]
[White "cancrushyou"]
[Black "Dinamo81"]
[Result "0-1"]
[WhiteElo "2431"]
[BlackElo "2625"]
[TimeControl "180+1"]
[EndTime "11:07:30 PDT"]
[Termination "Dinamo81 won on time"]

1. d4 d5 2. c4 e6 3. Nf3 a6 4. g3 dxc4 5. Bg2 Nc6 6. O-O Rb8 7. e3 b5 8. b3 cxb3 9. axb3 Nf6 10. Qe2 Bd6 11. Bd2 O-O 12. Rc1 Bb7 13. Ng5 Nb4 14. Bxb4 Bxb4 15. Bxb7 Rxb7 16. Rxa6 Qd5 17.
Qf3 h6 18. Qxd5 exd5 19. Nh3 Ne4 20. Nf4 Rd8 21. Rac6 g5 22. Nd3 Bd6 23. Ra6 b4 24. f3 Nf6 25. Nc5 Rb5 26. Nd2 g4 27. Kf2 Re8 28. f4 Kg7 29. Ke2 h5 30. Kd3 h4 31.
gxh4 Rh8 32. e4 Bxc5 33. Rxc5 Rxc5 34. dxc5 dxe4+ 35. Nxe4 Rd8+ 36. Ke3 Nd5+ 37. Kf2 Nxf4 38. Kg3 Ne6 39. Kxg4 Rd4 40. Kf3 Rxe4 0-1

[Event "*** Titled Tuesday Blitz"]
[Site "Chess.com"]
[Date "2020.05.26"]
[Round "6"]
[White "ZarinaShafigullina"]
[Black "EvgenyRomanov"]
[Result "0-1"]
[WhiteElo "2339"]
[BlackElo "2645"]
[TimeControl "180+1"]
[EndTime "11:07:30 PDT"]
[Termination "EvgenyRomanov won by resignation"]

1. d4 Nf6 2. Nf3 e6 3. g3 b5 4.
Bg2 d5 5. O-O Be7 6. Qd3 Ba6 7.
Bg5 O-O 8. Re1 b4 9. Qd1 c5 10.
Nbd2 Nbd7 11. Ne5 Nxe5 12. dxe5 Nd7 13. Bxe7 Qxe7 14. e4 d4 15. f4 Rad8 16. Nf3 Nb6 17. b3 c4 18. Bf1 d3 19. cxd3 cxd3 20. Rc1 h6 21. Qd2 Bb5 22. Re3 Rd7 23. Ne1 f6 24.
exf6 Qxf6 25. Nf3 Rfd8 26. Ne5 Rd6 27. Rc5 a6 28. Rc7 Nd7 29. Nxd7 R6xd7 30. Rxd7 Rxd7 31. Bxd3 Qd4 32. Kg2 Bxd3 33. e5 Be4+ 0-1

[Event "*** Titled Tuesday Blitz"]
[Site "Chess.com"]
[Date "2020.05.26"]
[Round "6"]
[White "AlanZhang"]
[Black "Xtrmntr78"]
[Result "0-1"]
[WhiteElo "2241"]
[BlackElo "2439"]
[TimeControl "180+1"]
[EndTime "11:07:30 PDT"]
[Termination "Xtrmntr78 won on time"]

1. e4 e5 2. Nf3 d5 3. Nxe5 Bd6 4. d4 dxe4 5. Nc4 Be7 6. Nc3 Nf6 7. Be2 Nc6 8. Be3 Nb4 9. Ne5 Nbd5 10. O-O O-O 11.
Qd2 c6 12. Nxd5 Nxd5 13. c4 Nxe3 14. fxe3 f6 15. Ng4 Be6 16. Nf2 f5 17. Nh3 g5 18.
Rad1 Qd6 19. d5 cxd5 20. cxd5 Bd7 21. Nf2 g4 22. g3 h5 23. Rc1 Bf6 24. Nd1 h4 25.
Kg2 Kg7 26. Nc3 Rh8 27. Bc4 hxg3 28. hxg3 Rh3 29. Ne2 Rah8 30. Rh1 Be5 31. Nf4 Bxf4 32. exf4 Qh6 33. Qd4+ Kg6 34. Qg1 Qg7 35. Rxh3 Qxb2+ 36. Qf2 gxh3+ 0-1

[Event "*** Titled Tuesday Blitz"]
[Site "Chess.com"]
[Date "2020.05.26"]
[Round "6"]
[White "2L8IWUN"]
[Black "Siemba"]
[Result "1-0"]
[WhiteElo "2551"]
[BlackElo "2293"]
[TimeControl "180+1"]
[EndTime "11:07:32 PDT"]
[Termination "2L8IWUN won on time"]

1. d4 Nf6 2. Nf3 d5 3. Bf4 e6 4.
e3 c5 5. Bg3 Nc6 6. c3 Bd6 7.
Nbd2 O-O 8. Bd3 Qe7 9. Ne5 Nd7 10.
Nxd7 Bxd7 11. Bxd6 Qxd6 12. dxc5 Qc7 13. O-O Ne5 14.
Nb3 Ba4 15. Bc2 g6 16. Qd4 Nc4 17. Rab1 Rad8 18. Rfc1 e5 19. Qd1 f5 20. Qe2 f4 21.
e4 f3 22. gxf3 Bc6 23. Rd1 Na5 24. Nxa5 Qxa5 25. exd5 Bxd5 26. Rxd5 Rxd5 27. Bb3 Qxc5 28. Rd1 Rd8 29. Qe4 Kg7 30. Rxd5 Rxd5 31. Qxd5 Qe7 32. Qe4 Qd6 33. Qxb7+ Kh6 34. Qe4 a5 35. Kg2 Qd2 36. Qxe5 1-0

[Event "*** Titled Tuesday Blitz"]
[Site "Chess.com"]
[Date "2020.05.26"]
[Round "6"]
[White "louis198"]
[Black "KuzubovYuriy"]
[Result "0-1"]
[WhiteElo "2499"]
[BlackElo "2762"]
[TimeControl "180+1"]
[EndTime "11:07:33 PDT"]
[Termination "KuzubovYuriy won by resignation"]

1. d4 g6 2. Bf4 Bg7 3. e3 c5 4.
Nc3 cxd4 5. exd4 Nf6 6. h3 O-O 7. Nf3 d6 8. Bc4 a6 9. a4 b6 10. O-O Bb7 11. Re1 Nbd7 12. Qe2 d5 13. Bd3 e6 14. Qd2 Bc6 15. b4 Bb7 16. Bg5 Qc7 17. Bf4 Qc8 18. Bd6 Rd8 19. b5 a5 20.
h4 Bf8 21. Bxf8 Nxf8 22. Ne5 N6d7 23. Ng4 Qc7 24. Ne2 h5 25. Ne3 Nf6 26. Ng3 Rac8 27. Nef1 Kg7 28. Nh2 Qc3 29. Qg5 Qxd4 30. Nf3 Qg4 31.
Qe5 Nd7 32. Qb2 d4 33. Nxd4 Qxh4 34. Nxe6+ fxe6 35. Rxe6 Re8 36. Rae1 Rxe6 37. Rxe6 Qb4 38. Qa1 Kf7 39. Re3 h4 40. Ne2 Qg4 41. f3 Qb4 42. Kf2 Rf8 43. Qa2+ Kg7 44. c4 Ng4+ 0-1

[Event "*** Titled Tuesday Blitz"]
[Site "Chess.com"]
[Date "2020.05.26"]
[Round "6"]
[White "crossingthestreet"]
[Black "eightbyeightchess"]
[Result "0-1"]
[WhiteElo "2250"]
[BlackElo "2444"]
[TimeControl "180+1"]
[EndTime "11:07:33 PDT"]
[Termination "eightbyeightchess won by resignation"]

1. c4 c6 2. Nc3 d5 3. e3 Nf6 4. Nf3 g6 5. d4 Bg7 6. Bd3 O-O 7. O-O dxc4 8. Bxc4 Nbd7 9. Qe2 Nb6 10. Bb3 Qc7 11. Ne5 Nfd7 12. f4 Nxe5 13. fxe5 c5 14. Qf2 e6 15. Ne4 cxd4 16. exd4 Nd5 17. Bg5 Bd7 18. Bxd5 exd5 19. Nf6+ Kh8 20. Qh4 h5 21. g4 Bxf6 22.
Bxf6+ Kh7 23. gxh5 g5 24. Bxg5 Qc2 25. Rf6 Rg8 26. Rxf7+ Kh8 27. Qf4 Rxg5+ 28. Qxg5 Rg8 29. Qxg8+ Kxg8 30. Rxd7 Qxb2 31. Rd1 Qe2 32. Rf1 Qg4+ 33.
Kh1 Qxd7 34. h6 Kh7 35. Rf6 Qg4 36. Rd6 Qe4+ 37. Kg1 Qxd4+ 38. Kg2 Qe4+ 39. Kf2 Qxe5 0-1

[Event "*** Titled Tuesday Blitz"]
[Site "Chess.com"]
[Date "2020.05.26"]
[Round "6"]
[White "aisha_zakirova"]
[Black "TST2014"]
[Result "0-1"]
[WhiteElo "1939"]
[BlackElo "2521"]
[TimeControl "180+1"]
[EndTime "11:07:34 PDT"]
[Termination "TST2014 won by checkmate"]

1. d4 Nf6 2. c4 e6 3. Nf3 d5 4. Nc3 Nbd7 5. Bg5 h6 6. Bh4 Bb4 7. cxd5 exd5 8. a3 Bxc3+ 9. bxc3 c5 10. e3 Qa5 11. Qd3 c4 12. Qc2 Ne4 13. Bxc4 Nxc3 14. Qd2 dxc4 15. Rc1 Qxa3 16. Rxc3 Qa1+ 17. Rc1 Qa4 18.
O-O O-O 19. e4 Qc6 20. d5 Qg6 21. Rxc4 Nb6 22. Rb4 Bh3 23. Bg3 Bc8 24. e5 Rd8 25. d6 Bd7 26. Nh4 Qe6 27. f4 Bc6 28. f5 Qd5 29.
Qf2 Nc4 30. f6 g6 31. Qf4 g5 32. Qf5 Ne3 33. Qf2 Nxf1 34. Qxf1 gxh4 35. Rg4+ Kh8 36. Qc1 Qxg2# 0-1

[Event "*** Titled Tuesday Blitz"]
[Site "Chess.com"]
[Date "2020.05.26"]
[Round "6"]
[White "jonaszmb"]
[Black "Roaccutane"]
[Result "0-1"]
[WhiteElo "2478"]
[BlackElo "2716"]
[TimeControl "180+1"]
[EndTime "11:07:35 PDT"]
[Termination "Roaccutane won by checkmate"]

1. d4 Nf6 2. c4 c5 3. d5 b5 4. cxb5 a6 5. Nc3 e6 6. e4 Bb7 7. bxa6 Nxa6 8. Nf3 Nb4 9. Bg5 h6 10. Bxf6 Qxf6 11. e5 Qf4 12. dxe6 fxe6 13. Bb5 Rd8 14. a3 Nd5 15. Nxd5 Bxd5 16. Bd3 Rb8 17. Bg6+ Kd8 18.
O-O Be7 19. a4 Rf8 20. Ne1 Qxe5 21. a5 Bd6 22. g3 Ke7 23. Bc2 c4 24. a6 Rxb2 25.
a7 h5 26. Rb1 Ra2 27. Ra1 Rxa1 28. Qd2 Rxa7 29. f4 Bc5+ 30. Rf2 Bxf2+ 31. Qxf2 Qf6 32. Qxa7 Qc3 33. Ba4 Qxe1# 0-1

[Event "*** Titled Tuesday Blitz"]
[Site "Chess.com"]
[Date "2020.05.26"]
[Round "6"]
[White "Abund"]
[Black "WastefulJustice"]
[Result "1-0"]
[WhiteElo "2607"]
[BlackElo "2393"]
[TimeControl "180+1"]
[EndTime "11:07:35 PDT"]
[Termination "Abund won by checkmate"]

1. d4 Nf6 2. c4 c5 3. d5 e6 4. Nc3 exd5 5. cxd5 d6 6. Nf3 g6 7. Nd2 Bg7 8. e4 O-O 9. Be2 Re8 10. O-O Nbd7 11. h3 a6 12. a4 b6 13. Qc2 Ra7 14.
Ra3 h6 15. Re1 g5 16. Nc4 Ne5 17. Nxe5 Rxe5 18. Rb3 Rae7 19. f4 gxf4 20. Bxf4 Rxe4 21. Nxe4 Rxe4 22. Qd2 Nxd5 23. Bxh6 Bd4+ 24. Kh1 Qh4 25. Bg5 Qf2 26. Rf3 Rxe2 27. Qxe2 Qxe2 28. Rxe2 Be6 29. Bh4 b5 30. axb5 axb5 31. Bg3 Nb6 32. Bxd6 Nc4 33. Be7 Nxb2 34. Rg3+ Kh8 35. Re4 Bf5 36.
Rh4+ Bh7 37. Rxd4 cxd4 38. Bf6# 1-0

[Event "*** Titled Tuesday Blitz"]
[Site "Chess.com"]
[Date "2020.05.26"]
[Round "6"]
[White "Srisshhhtea"]
[Black "amiralfio"]
[Result "0-1"]
[WhiteElo "2174"]
[BlackElo "2409"]
[TimeControl "180+1"]
[EndTime "11:07:35 PDT"]
[Termination "amiralfio won on time"]

1. d4 Nf6 2. c4 g6 3. Nc3 d5 4.
Nf3 Bg7 5. Bf4 O-O 6. e3 c5 7.
dxc5 Qa5 8. Rc1 Ne4 9. Be5 Bxe5 10. Nxe5 Qxc5 11. cxd5 Nxc3 12. Rxc3 Qa5 13. a3 Bf5 14. Bd3 Qxd5 15. Bxf5 Qxg2 16. Ke2 Na6 17. Bg4 Rad8 18. Bf3 Qg5 19. Nd3 Qb5 20. Qb3 Qf5 21. Qxb7 Rxd3 22.
Be4 Rd2+ 23. Kxd2 Qxf2+ 24. Kc1 Nc5 25. Bc2 Nxb7 26. e4 Nd6 27. e5 Rd8 28. exd6 Qf4+ 29. Kb1 Rxd6 30. Re1 Kg7 31. Rxe7 Qxh2 32. Rcc7 Rf6 33.
Bb3 Qg1+ 34. Ka2 Qf2 35. Rxa7 h5 36. a4 h4 37. a5 h3 38. Bd5 h2 39. a6 Rf3 40.
Bxf3 Qxf3 41. Re1 h1=Q 42. Rxh1 Qxh1 43. Rb7 Qd5+ 44. Rb3 Qd7 45. Ra3 Qa7 46. b4 g5 47.
b5 g4 48. Kb2 f5 49. Rc3 f4 50. Kb3 g3 51. Rc4 g2 52. Rc6 g1=Q 53. b6 Qgxb6+ 54. Rxb6 Qxb6+ 55. Kc4 Qxa6+ 56. Kc5 Qf6 0-1

[Event "*** Titled Tuesday Blitz"]
[Site "Chess.com"]
[Date "2020.05.26"]
[Round "6"]
[White "Gabrielian_Artur"]
[Black "RitvarsReimanis"]
[Result "1-0"]
[WhiteElo "2748"]
[BlackElo "2485"]
[TimeControl "180+1"]
[EndTime "11:07:36 PDT"]
[Termination "Gabrielian_Artur won by resignation"]

1. e4 c5 2. Nc3 Nc6 3. Bb5 Nd4 4. Bc4 a6 5. a4 Nf6 6. Nf3 Nc6 7. O-O e6 8. Re1 d6 9. d3 Be7 10. Bg5 h6 11.
Bh4 Nd7 12. Bxe7 Qxe7 13. d4 cxd4 14. Nxd4 O-O 15. Qd2 Rd8 16. Rad1 Nf6 17. Nxc6 bxc6 18. e5 Nd5 19. exd6 Qxd6 20. Ne4 Qe7 21. Bf1 Bb7 22.
Qa5 Nf6 23. Nc5 Rd5 24. b4 Ng4 25. h3 Nf6 26. Qb6 Rb8 27. c4 Nd7 28. Qc7 Nxc5 29. Qxe7 Rxd1 30. Rxd1 Nxa4 31. Rd8+ Rxd8 32. Qxd8+ Kh7 33.
Qc7 1-0

[Event "*** Titled Tuesday Blitz"]
[Site "Chess.com"]
[Date "2020.05.26"]
[Round "6"]
[White "andy_rekt"]
[Black "ChristianAlm"]
[Result "0-1"]
[WhiteElo "2164"]
[BlackElo "2396"]
[TimeControl "180+1"]
[EndTime "11:07:36 PDT"]
[Termination "ChristianAlm won on time"]

1. d4 Nf6 2. c4 e6 3. Nc3 d5 4. Nf3 Be7 5. Bf4 O-O 6. e3 Nbd7 7. c5 c6 8. h3 b6 9. b4 a5 10. a3 Ne4 11. Nxe4 dxe4 12. Nd2 Nf6 13. b5 bxc5 14. bxc6 cxd4 15. exd4 Qxd4 16. Bb5 Nd5 17. Bg3 e3 18.
Nf3 exf2+ 19. Bxf2 Qxd1+ 20. Rxd1 Nc3 21. a4 Nxd1 22. Kxd1 Bb4 23. Ke2 Bd6 24. Rc1 Bc7 25. Bc5 Rd8 26. Be7 Rd5 27. Bc4 Rf5 28. Nd4 Re5+ 29. Kd3 Bb6 30. Nb5 Re3+ 31. Kd2 Rg3 32. Kc2 Rxg2+ 33. Kb1 e5 34. Rf1 Be6 35. Bxe6 fxe6 36.
Re1 Kf7 37. Ba3 Bd4 38. Nd6+ Ke7 0-1

[Event "*** Titled Tuesday Blitz"]
[Site "Chess.com"]
[Date "2020.05.26"]
[Round "6"]
[White "Azoulas1"]
[Black "Mostii"]
[Result "1-0"]
[WhiteElo "2004"]
[BlackElo "2349"]
[TimeControl "180+1"]
[EndTime "11:07:36 PDT"]
[Termination "Azoulas1 won on time"]

1. e4 e6 2. d4 d5 3. Nc3 dxe4 4.
Nxe4 Nd7 5. Nf3 Ngf6 6. Bd3 Nxe4 7. Bxe4 Nf6 8. Bd3 c5 9. c3 Be7 10. O-O O-O 11. Be3 b6 12. h3 Bb7 13. Qe2 Nd5 14. Rad1 Nxe3 15. Qxe3 Qc7 16. Be4 Rad8 17. Ne5 cxd4 18.
cxd4 Bxe4 19. Qxe4 Rd5 20. f4 Rfd8 21. Kh2 Bf6 22. Kh1 Qd6 23. Rc1 Rxd4 24. Qb7 Bxe5 25.
fxe5 Qf8 26. Qxa7 b5 27. Kh2 b4 28. Rc7 Rd1 29. Rfxf7 g6 30. Rg7+ Kh8 31. Rxh7+ Kg8 32.
Rcg7+ 1-0

[Event "*** Titled Tuesday Blitz"]
[Site "Chess.com"]
[Date "2020.05.26"]
[Round "6"]
[White "ChocolateRoses"]
[Black "ADODOVE"]
[Result "1-0"]
[WhiteElo "2283"]
[BlackElo "2000"]
[TimeControl "180+1"]
[EndTime "11:07:36 PDT"]
[Termination "ChocolateRoses won on time"]

1. Nf3 Nf6 2. g3 d5 3. Bg2 Bg4 4. c4 e6 5. cxd5 exd5 6. O-O Nbd7 7. Nc3 Be7 8. d3 O-O 9. Qc2 c5 10. e4 d4 11. Ne2 Rc8 12. h3 Bxf3 13. Bxf3 c4 14.
Bg2 c3 15. bxc3 dxc3 16. Be3 Qa5 17. f4 b5 18. g4 b4 19. g5 Ne8 20. Ng3 g6 21. f5 Bc5 22. d4 Bb6 23. Qf2 c2 24. Rfc1 Qa4 25. f6 Nd6 26. Ne2 Rfd8 27. Qh4 Ne8 28.
Nf4 b3 29. axb3 Qxb3 30. Nd5 1-0

[Event "*** Titled Tuesday Blitz"]
[Site "Chess.com"]
[Date "2020.05.26"]
[Round "6"]
[White "Alexander_Moskalenko"]
[Black "MrMatesM"]
[Result "1-0"]
[WhiteElo "2795"]
[BlackElo "2598"]
[TimeControl "180+1"]
[EndTime "11:07:37 PDT"]
[Termination "Alexander_Moskalenko won by resignation"]

1. e4 c5 2. Nc3 a6 3. g3 b5 4. Bg2 Bb7 5. d3 e6 6. Nh3 b4 7. Ne2 d5 8. O-O dxe4 9. dxe4 Nc6 10. c3 Nf6 11. e5 Nd5 12. f4 Qb6 13. c4 Nde7 14. Ng5 Nf5 15. g4 Nfd4 16. Be3 h6 17.
Nf3 O-O-O 18. Nfxd4 cxd4 19. Bf2 Bc5 20. Nc1 d3 21.
Nb3 Bxf2+ 22. Rxf2 Qe3 23. Qd2 Qxd2 24. Rxd2 Nd4 25.
Bxb7+ Kxb7 26. Kf2 Nxb3 27. axb3 Kb6 28. Ke3 a5 29. Rad1 Kc7 30. Rxd3 Rxd3+ 31. Rxd3 Ra8 32. Rd1 Ra6 33. h4 Ra8 34. h5 Rg8 35. Rd6 Ra8 36. f5 exf5 37. gxf5 f6 38. Re6 fxe5 39. Rxe5 Kd6 40.
Rb5 Ke7 41. Kf4 Kf6 42. Rb6+ Kf7 43. c5 Rd8 44. Ke5 Rd2 45. Rb7+ Kf8 46. c6 Re2+ 47. Kd6 Rd2+ 48. Ke6 Re2+ 49. Kd5 Rd2+ 50. Kc5 Rxb2 51. c7 Rc2+ 52. Kd6 Rd2+ 53. Kc6 Rc2+ 54. Kb6 1-0

[Event "*** Titled Tuesday Blitz"]
[Site "Chess.com"]
[Date "2020.05.26"]
[Round "6"]
[White "PKCLUB"]
[Black "Lector118"]
[Result "1-0"]
[WhiteElo "2610"]
[BlackElo "2404"]
[TimeControl "180+1"]
[EndTime "11:07:37 PDT"]
[Termination "PKCLUB won on time"]

1. d4 Nf6 2. Nf3 g6 3. Bf4 Bg7 4. e3 O-O 5. h3 d6 6. Nbd2 Nbd7 7. Be2 Re8 8. Bh2 e5 9. dxe5 dxe5 10. Nc4 Qe7 11. Nfxe5 Nxe5 12. Bxe5 b5 13. Bf3 bxc4 14. Bxf6 Bxf6 15. Bxa8 Bxb2 16. Rb1 Bc3+ 17. Kf1 Bf5 18. Bc6 Rd8 19. Qe2 Rd2 20. Qxc4 Rxc2 21. Ba4 Rb2 22. Rxb2 Bxb2 23. Ke2 Bf6 24. Rc1 Be5 25. Bc6 Kg7 26. Be4 Be6 27. Bd5 Bc8 28. g4 Bd6 29. Rc2 a5 30. Qd4+ f6 31. Bc4 Bb7 32. Rb2 Bc6 33.
Rb8 h6 34. Bb3 a4 35. Qc4 1-0

[Event "*** Titled Tuesday Blitz"]
[Site "Chess.com"]
[Date "2020.05.26"]
[Round "6"]
[White "Koksik_13"]
[Black "chito89"]
[Result "1-0"]
[WhiteElo "2569"]
[BlackElo "2733"]
[TimeControl "180+1"]
[EndTime "11:07:39 PDT"]
[Termination "Koksik_13 won by checkmate"]

1. d4 Nf6 2. Nc3 g6 3. e4 d6 4.
Bg5 c6 5. f4 Bg7 6. Nf3 O-O 7.
Bd3 Bg4 8. h3 Bxf3 9. Qxf3 Qb6 10.
O-O-O h6 11. Bxf6 exf6 12. f5 Qxd4 13. e5 fxe5 14. f6 Bh8 15. Be4 Qb6 16. h4 Nd7 17. h5 Nxf6 18. hxg6 d5 19. Rxh6 Bg7 20. Rdh1 dxe4 21. Qh3 fxg6 22. Rxg6 Kf7 23. Qg3 Rg8 24. Rf1 Raf8 25. Nxe4 Ke8 26. Nd6+ Kd7 27. Rxg7+ Kxd6 28. Rd1+ Ke6 29. Qh3+ Ng4 30. Qxg4+ Kf6 31. Qg6# 1-0